 Dungeon Crawl Stone Soup version 0.21-a0-504-g2eda330 (webtiles) character file.

12840 4thArraOfDagon the Arsonist (level 11, -5/52 (54) HPs)
             Began as a Deep Elf Fire Elementalist on Nov 26, 2017.
             Was a High Priest of Vehumet.
             Hit by a large rock thrown by a cyclops (40 damage)
             ... on level 14 of the Dungeon.
             The game lasted 00:27:26 (4149 turns).

4thArraOfDagon the Arsonist (DEFE)                  Turns: 4149, Time: 00:27:27

HP:   -5/52 (54)    AC: 14    Str:  5    XL:     11   Next: 67%
MP:   23/28         EV:  9    Int: 24    God:    Vehumet [*****.]
Gold: 430           SH:  0    Dex: 15    Spells: 19/32 levels left

rFire    + . .     SeeInvis .   q - +0 great sword
rCold    . . .     Gourm    .   (shield currently unavailable)
rNeg     . . .     Faith    +   y - +4 ring mail "Hacolako" {*Slow rF+ rCorr}
rPois    .         Spirit   .   s - +2 helmet
rElec    .         Reflect  .   (no cloak)
rCorr    +         Harm     .   u - +1 pair of gloves
MR       +....                  (no boots)
Stlth    +.........             p - amulet of faith
HPRegen  0.17/turn              (no ring)
MPRegen  0.21/turn              (no ring)

@: no status effects
A: no striking features
a: Renounce Religion


You were on level 14 of the Dungeon.
You worshipped Vehumet.
Vehumet was extremely pleased with you.
You were hungry.

You visited 2 branches of the dungeon, and saw 15 of its levels.

You collected 430 gold pieces.

Inventory:

Hand Weapons
 e - a +0 spear
 q - a +0 great sword (weapon)
 r - a +6 club
Missiles
 I - a throwing net (quivered)
Armour
 a - a +0 robe
 s - a +2 helmet (worn)
 u - a +1 pair of gloves (worn)
 y - the +4 ring mail "Hacolako" (worn) {*Slow rF+ rCorr}
   (You found it on level 8 of the Dungeon)

   It protects you from fire.
   It protects you from acid and corrosion.
   It may slow you when you take damage.
 P - a +2 robe of cold resistance
Magical Staves
 g - an uncursed staff of cold
Jewellery
 p - an amulet of faith (around neck)
 O - an uncursed amulet of regeneration
 Q - an uncursed ring of ice
Wands
 n - a wand of acid (5)
 x - a wand of flame (27)
 E - a wand of paralysis (3)
 K - a wand of digging (10)
 L - a wand of polymorph (5)
 N - a wand of clouds (2)
Scrolls
 d - 2 scrolls of amnesia
 f - 3 scrolls of remove curse
 k - a scroll of noise {unknown}
 o - 2 scrolls of random uselessness {unknown}
 v - a scroll of enchant weapon {unknown}
 w - a scroll of fear {unknown}
 C - 4 scrolls of fog {unknown}
 D - a scroll of blinking {unknown}
 J - a scroll of teleportation
 M - 2 scrolls of enchant armour {unknown}
 R - a scroll of magic mapping
Potions
 h - 3 potions of heal wounds
 j - a potion of berserk rage
 m - 3 potions of mutation
 t - a potion of degeneration {unknown}
 z - 2 potions of haste {unknown}
 A - a potion of lignification {unknown}
 B - a potion of might
 G - a potion of brilliance {unknown}
 H - a potion of curing
Books
 b - a book of Flames

   Spells                             Type                      Level
   a - Flame Tongue                   Conjuration/Fire             1
   b - Throw Flame                    Conjuration/Fire             2
   c - Conjure Flame                  Conjuration/Fire             3
   d - Inner Flame                    Hexes/Fire                   3
   e - Sticky Flame                   Conjuration/Fire             4
   f - Fireball                       Conjuration/Fire             5
Miscellaneous
 F - a fan of gales
Comestibles
 c - 5 bread rations
 i - 6 royal jellies
 l - 3 meat rations
 S - 3 chunks of flesh


   Skills:
 - Level 2.4 Dodging
 - Level 2.4 Stealth
 + Level 11.2 Spellcasting
 * Level 12.8 Conjurations
 * Level 13.1 Fire Magic


You had 19 spell levels left.
You knew the following spells:

 Your Spells              Type           Power        Failure   Level  Hunger
a - Flame Tongue          Conj/Fire      #####        1%          1    None
b - Conjure Flame         Conj/Fire      ######..     1%          3    None
c - Sticky Flame          Conj/Fire      ######..     1%          4    None
d - Fireball              Conj/Fire      ######....   1%          5    ####...


Dungeon Overview and Level Annotations

Branches:
Dungeon (14/15)            Temple (1/1) D:4            Lair (0/6) D:9
    Orc (0/2) D:10
 Vaults: D:13-14

Altars:
Dithmenos
Elyvilon
Fedhas
Gozag
Kikubaaqudgha
Makhleb
Okawaru
Ru
Trog
Vehumet
Wu Jian
Xom
Zin
The Shining One
Beogh

Shops:
D:6 %

Annotations:
D:11 Urug


Message History

The cyclops throws a large rock.
The large rock hits you!
You see here a large rock.
Unknown command.
Okay, then.
Evoke which item? (* to show all) (? for menu, Esc to quit)
Okay, then.
Unknown command.
Unknown command.
Unknown command.
Casting: Flame Tongue
Confirm with . or Enter, or press ? or * to list all spells.
Aiming: Fireball
Press: ? - help, Shift-Dir - straight line, f - cyclops
Aim: a cyclops The fireball explodes!
The fireball engulfs the cyclops.
The cyclops is heavily wounded.
You are feeling hungry.
The cyclops throws a large rock.
The large rock hits you!!!
Ouch! That really hurt!
You die...

######################## *
#.......<..............#***** *
#......................#,,,,* *
#....<.................#,,,,* *
#......................#,,,,* *
#.............@........#,,,,***
#################C.....#,,,***,
#......#,,,*,,, #......#,,,*,,,
#......#,,,*,,,
********#......#,,,*,,,
*,,,,,.........#**+*,,,
*,,,.C.C.........,,,***
*,,,....C######....,*,,


You could see a cyclops.

Vanquished Creatures
  A hydra (D:8)
  Fannar (D:12)
  2 two-headed ogres
  An unseen horror (D:12)
  A manticore (D:12)
  An ugly thing (D:12)
  An elephant (D:9)
  A komodo dragon (D:13)
  2 trolls
  The ghost of 4thArraOfDagon the Firebug, a novice DEFE of Cheibriados (D:4)
  3 hippogriffs
  2 dream sheep (D:8)
  10 yaks
  A shadow (D:12)
  A water elemental (D:13)
  A vampire (D:10)
  2 wraiths (D:12)
  A hungry ghost (D:8)
  A hornet zombie (D:13)
  2 orc warriors (D:10)
  2 ice beasts
  An eye of draining (D:12)
  5 necrophages
  3 phantoms
  7 ogres
  2 centaurs
  2 crocodiles (D:9)
  3 big kobolds (D:8)
  5 bullfrogs
  A wyvern skeleton (D:13)
  A scorpion (D:10)
  8 killer bees
  A howler monkey (D:11)
  6 electric eels (D:13)
  3 bullfrog zombies
  A centaur zombie (D:6)
  2 orc priests (D:10)
  A jelly (D:6)
  A hound (D:13)
  3 orc wizards
  4 bullfrog skeletons
  2 iguanas
  A centaur skeleton (D:7)
  Ijyb (D:4)
  15 worker ants
  Natasha (D:2)
  Robin (D:4)
  3 adders
  6 gnolls
  2 shadow imps
  An adder skeleton (D:8)
  A worm (D:2)
  A dart slug (D:4)
  6 leopard geckos
  30 orcs
  4 giant cockroaches
  6 goblins (D:4)
  7 hobgoblins
  4 jackals (D:7)
  3 quokkas
  3 bats
  A frilled lizard (D:5)
  4 kobolds
  A leopard gecko skeleton (D:4)
  A quokka skeleton (D:5)
  A quokka zombie (D:5)
  3 rats
207 creatures vanquished.

Notes
Turn   | Place    | Note
-------+----------+-------------------------------------------
     0 | D:1      | 4thArraOfDagon the Deep Elf Fire Elementalist began the quest for the Orb.
     0 | D:1      | Reached XP level 1. HP: 10/10 MP: 6/6
    25 | D:1      | Thaneod: ech...
   160 | D:2      | Found a blossoming altar of Fedhas.
   190 | D:3      | Reached XP level 2. HP: 15/15 MP: 2/8
   245 | D:4      | Found a staircase to the Ecumenical Temple.
   251 | Temple   | Entered the Ecumenical Temple
   260 | Temple   | Became a worshipper of Vehumet
   293 | D:4      | Found a bloodstained altar of Trog.
   294 | D:4      | Found an iron altar of Okawaru.
   489 | D:2      | Reached XP level 3. HP: 11/19 MP: 3/9
   496 | D:2      | Learned a level 3 spell: Conjure Flame
   538 | D:2      | Reached skill level 4 in Fire Magic
   647 | D:2      | Noticed Natasha
   652 | D:2      | Killed Natasha
   669 | D:2      | Reached XP level 4. HP: 23/24 MP: 5/11
   687 | D:2      | Learned a level 4 spell: Sticky Flame
   777 | D:4      | Noticed an ogre
   799 | D:4      | Killed an ogre
   799 | D:4      | Reached XP level 5. HP: 28/28 MP: 1/13
   814 | D:4      | Reached skill level 5 in Fire Magic
   844 | D:4      | Noticed an ogre
   910 | D:4      | Killed an ogre
   910 | D:4      | Reached XP level 6. HP: 32/32 MP: 5/14
   971 | D:4      | Noticed Ijyb
   985 | D:4      | Killed Ijyb
  1005 | D:4      | Reached * piety under Vehumet
  1005 | D:4      | Offered knowledge of Sting by Vehumet.
  1088 | D:4      | Noticed Robin
  1121 | D:4      | Killed Robin
  1191 | D:4      | Reached skill level 5 in Spellcasting
  1191 | D:4      | Reached skill level 5 in Conjurations
  1191 | D:4      | Reached skill level 6 in Fire Magic
  1213 | D:4      | Learned a level 5 spell: Fireball
  1224 | D:4      | Noticed 4thArraOfDagon's ghost (novice DEFE)
  1276 | D:4      | Killed 4thArraOfDagon's ghost
  1276 | D:4      | Reached XP level 7. HP: 33/36 MP: 0/17
  1314 | D:5      | Entered Level 5 of the Dungeon
  1402 | D:5      | Found a glowing silver altar of Zin.
  1402 | D:5      | Noticed an angel
  1426 | D:5      | Found a shimmering altar of Xom.
  1435 | D:5      | Reached skill level 7 in Fire Magic
  1544 | D:6      | Found Intab's Food Emporium.
  1553 | D:6      | Offered knowledge of Magic Dart by Vehumet.
  1556 | D:6      | Reached ** piety under Vehumet
  1559 | D:6      | Reached XP level 8. HP: 41/41 MP: 6/19
  1808 | D:6      | Reached skill level 8 in Fire Magic
  1990 | D:7      | Offered knowledge of Dazzling Spray by Vehumet.
  1991 | D:7      | Found a sacrificial altar of Ru.
  1991 | D:7      | Found an ornate altar of the Wu Jian Council.
  2233 | D:8      | Got a translucent ring mail
  2248 | D:8      | Identified the +4 ring mail "Hacolako" {*Slow rF+ rCorr} (You found it on level 8 of the Dungeon)
  2310 | D:8      | Noticed a dream sheep
  2310 | D:8      | Noticed a dream sheep
  2318 | D:8      | Killed a dream sheep
  2318 | D:8      | Reached *** piety under Vehumet
  2318 | D:8      | Reached skill level 9 in Fire Magic
  2318 | D:8      | Reached XP level 9. HP: 44/44 MP: 22/22
  2354 | D:8      | Noticed a three-headed hydra
  2359 | D:8      | Killed a three-headed hydra
  2359 | D:8      | Reached skill level 10 in Fire Magic
  2604 | D:9      | Found a staircase to the Lair.
  2604 | D:9      | Noticed an elephant
  2617 | D:9      | Offered knowledge of Mephitic Cloud by Vehumet.
  2617 | D:9      | Reached skill level 10 in Conjurations
  2617 | D:9      | Reached XP level 10. HP: 42/49 MP: 17/25
  2618 | D:9      | Killed an elephant
  2688 | D:10     | Entered Level 10 of the Dungeon
  2805 | D:10     | Reached **** piety under Vehumet
  2808 | D:10     | Offered knowledge of Lee's Rapid Deconstruction by Vehumet.
  2838 | D:10     | Reached skill level 11 in Fire Magic
  2951 | D:10     | Found a roughly hewn altar of Beogh.
  2970 | D:10     | Found a staircase to the Orcish Mines.
  3055 | D:11     | Noticed a two-headed ogre
  3154 | D:11     | Killed a two-headed ogre
  3154 | D:11     | Reached skill level 10 in Spellcasting
  3173 | D:11     | Noticed Urug
  3209 | D:12     | Noticed an unseen horror
  3213 | D:12     | Killed an unseen horror
  3282 | D:12     | Reached skill level 12 in Fire Magic
  3282 | D:12     | Reached XP level 11. HP: 45/52 MP: 8/27
  3297 | D:12     | Reached ***** piety under Vehumet
  3299 | D:12     | Offered knowledge of Fulminant Prism by Vehumet.
  3531 | D:12     | Noticed a two-headed ogre
  3547 | D:12     | Killed a two-headed ogre
  3569 | D:12     | Noticed Fannar
  3583 | D:12     | Killed Fannar
  3601 | D:12     | Noticed a purple ugly thing
  3607 | D:12     | Killed a purple ugly thing
  3624 | D:11     | Noticed a green ugly thing
  3627 | D:12     | Found an opulent altar of Gozag.
  3890 | D:13     | Reached skill level 13 in Fire Magic
  4012 | D:13     | Found an iron altar of Okawaru.
  4149 | D:14     | Hit by a large rock thrown by a cyclops

Vault maps used:
D:1:      dpeg_arrival_simpleton_a, minmay_stone_trees_medium,
          kennysheep_doodads
D:2:      nicolae_overflow_crystal_walls, marbit_many_paths, first_bread,
          tgw_fedhas, uniq_natasha, uniq_terence
D:3:      uniq_jessica, uniq_purgy
D:4:      grunt_temple_overflow_bloody_war, temple_green,
          minmay_misc_feat_columns, uniq_robin, uniq_ijyb
D:5:      grunt_temple_overflow_order_and_chaos_1
D:6:      lemuel_doored_altar, serial_shops, shop, dk_vineyard_2
D:7:      chequers_temple_overflow_statue_of_worship
D:8:      hangedman_ranch
D:9:      david_lair_generic
D:10:     david_orc_5
D:11:     uniq_urug
D:12:     grunt_gozag_statues, uniq_fannar
D:13:     basic_altar
D:14:     erik_vaults_2, enter_bailey_2, minmay_misc_feat_tiny, st_stairs_4
Temple:   dshaligram_water_room_temple

Skill      XL: |  1  2  3  4  5  6  7  8  9 10 11 |
---------------+----------------------------------+-----
Conjurations   | 2 3 4 5 6 8 10 11 12 | 12.8
Fire Magic     | 4 5 6 7 9 10 12 13 | 13.1
Spellcasting   | 4 5 6 7 9 10 11 | 11.2
Dodging        | |  2.4
Stealth        | |  2.4

Action                   |  1- 3 |  4- 6 |  7- 9 | 10-12 || total
-------------------------+-------+-------+-------+-------++-------
Melee: Spear             |    12 |     6 |       |       ||    18
       Great sword       |       |     6 |    47 |    81 ||   134
 Cast: Flame Tongue      |    40 |    52 |    86 |   123 ||   301
       Conjure Flame     |       |     5 |    14 |    24 ||    43
       Sticky Flame      |       |     4 |    16 |    27 ||    47
       Fireball          |       |       |     2 |    15 ||    17
Evoke: Wand              |       |     1 |     1 |     4 ||     6
  Use: Scroll            |     5 |       |     2 |     5 ||    12
 Stab: Sleeping          |     1 |       |     1 |       ||     2
  Eat: Fruit             |     1 |     1 |    14 |       ||    16
       Chunk             |       |       |     3 |       ||     3
Armor: Robe              |     6 |     4 |    17 |       ||    27
       Ring mail         |       |       |    16 |    79 ||    95
Dodge: Dodged            |    17 |    11 |    47 |    55 ||   130
       Rpst.: Great sword |       |     1 |    18 |    20 ||    39

Table legend:
 A = Spawn XP
 B = Non-spawn XP
 C = Spawn XP percentage of total XP
 D = Spawn monster count
 E = Non-spawn monster count
 F = Spawn count percentage of total count
 G = Total turns spent on level
                    A         B        C        D         E        F      G
               +---------+---------+-------+---------+---------+-------+---------
         Total |       0 |   18343 |   0.0 |       0 |     207 |   0.0 |  4149
               +---------+---------+-------+---------+---------+-------+---------
           D:1 |       0 |      10 |   0.0 |       0 |       6 |   0.0 |   169
           D:2 |       0 |      74 |   0.0 |       0 |       9 |   0.0 |   293
           D:3 |       0 |       6 |   0.0 |       0 |       4 |   0.0 |   146
           D:4 |       0 |     926 |   0.0 |       0 |      26 |   0.0 |   687
           D:5 |       0 |     357 |   0.0 |       0 |      16 |   0.0 |   281
           D:6 |       0 |     551 |   0.0 |       0 |      13 |   0.0 |   219
           D:7 |       0 |     287 |   0.0 |       0 |       9 |   0.0 |   282
           D:8 |       0 |    3029 |   0.0 |       0 |      19 |   0.0 |   377
           D:9 |       0 |    1577 |   0.0 |       0 |      12 |   0.0 |   227
          D:10 |       0 |    1250 |   0.0 |       0 |      37 |   0.0 |   351
          D:11 |       0 |    1541 |   0.0 |       0 |       9 |   0.0 |   170
          D:12 |       0 |    6030 |   0.0 |       0 |      23 |   0.0 |   566
          D:13 |       0 |    2673 |   0.0 |       0 |      23 |   0.0 |   307
          D:14 |       0 |      32 |   0.0 |       0 |       1 |   0.0 |    55
               +---------+---------+-------+---------+---------+-------+---------
